[ AOE2 MATCH · #471277243 ]
1v1 RMEthiopians vs Franks
Rival team · LOSS
[ REPLAY ANALYSIS · EXTRACTED FROM THE RECORDED GAME ]
Feudal
9:19
Castle
27:06
Imperial
41:19
| APM avg | 24.0 |
| APM peak | 42 |
| eAPM avg | 16.9 |
| Villagers / military | 140 / 129 |
Focus
⚔️ 31.0% · 🌾 69.0%
Archer ×93 · Battering Ram ×17 · Trebuchet (Packed) ×10 · Militia ×7 · Shotel Warrior ×2
Feudal
10:35
Castle
23:25
Imperial
42:58
| APM avg | 32.7 |
| APM peak | 75 |
| eAPM avg | 22.2 |
| Villagers / military | 137 / 203 |
Focus
⚔️ 38.6% · 🌾 61.4%
Skirmisher ×138 · Knight ×38 · Archer ×18 · Trebuchet (Packed) ×6 · Spearman ×2 · Scout Cavalry ×1
Match map
Initial resources + every placement click. Lines = walls · curves = elevation contours. ◆ gold · ⬟ stone · ● berries · ✦ relic · ◌ wall gap
Your base· ✓ Closed at 27:06 · 4t walls · 1 gate(s)
degars's base· ✓ Closed at 23:25 · 5t walls · 1 gate(s)
Smoothed initial terrain · ◌ = detected wall gap · hover for details
Inputs per minute
— Sonni - - degars
Build order — Sonni
First 150 of 409 actions detected
| 0:01 | Create | Villager (Male) ×4 |
| 0:04 | Build | House |
| 0:06 | Build | House |
| 1:37 | Create | Villager (Male) |
| 1:37 | Create | Villager (Male) |
| 1:52 | Build | Lumber Camp |
| 2:06 | Create | Villager (Male) |
| 2:24 | Create | Villager (Male) |
| 2:24 | Create | Villager (Male) |
| 2:51 | Create | Villager (Male) |
| 3:24 | Create | Villager (Male) |
| 3:24 | Create | Villager (Male) |
| 3:24 | Create | Villager (Male) |
| 3:54 | Build | House |
| 4:03 | Create | Villager (Male) |
| 4:03 | Create | Villager (Male) |
| 4:03 | Create | Villager (Male) |
| 5:01 | Create | Villager (Male) |
| 5:02 | Create | Villager (Male) |
| 5:42 | Create | Villager (Male) |
| 6:18 | Create | Villager (Male) |
| 6:19 | Create | Villager (Male) |
| 6:26 | Build | Mill |
| 6:44 | Research | Loom |
| 7:08 | Research | Feudal Age |
| 7:21 | Build | Barracks |
| 7:22 | Build | House |
| 8:11 | Build | Mining Camp |
| 8:21 | Build | House |
| 8:31 | Create | Militia |
| 8:31 | Create | Militia |
| 8:32 | Create | Militia |
| 9:01 | Build | Palisade Wall |
| 9:02 | Build | Palisade Gate |
| 9:04 | Create | Villager (Male) |
| 9:09 | Create | Villager (Male) |
| 9:13 | Create | Militia |
| 9:19 | Age | Feudal Age |
| 9:20 | Research | Man-at-Arms (upgrade) |
| 9:28 | Build | House |
| 9:44 | Create | Villager (Male) |
| 9:50 | Build | House |
| 10:04 | Build | Archery Range |
| 10:31 | Create | Villager (Male) |
| 10:48 | Create | Villager (Male) |
| 11:17 | Create | Archer |
| 11:17 | Create | Archer |
| 11:21 | Create | Villager (Male) |
| 11:26 | Build | Blacksmith |
| 11:28 | Build | House |
| 11:49 | Create | Villager (Male) |
| 12:00 | Create | Archer |
| 12:34 | Create | Villager (Male) |
| 12:41 | Build | House |
| 13:03 | Research | Fletching |
| 13:11 | Create | Archer |
| 13:20 | Create | Villager (Male) |
| 13:53 | Create | Archer |
| 14:06 | Research | Padded Archer Armor |
| 14:26 | Create | Archer |
| 14:28 | Create | Villager (Male) |
| 14:32 | Build | House |
| 14:51 | Create | Villager (Male) |
| 14:57 | Create | Archer |
| 15:10 | Build | Farm |
| 15:14 | Build | House |
| 15:24 | Create | Villager (Male) |
| 15:26 | Build | Farm |
| 15:27 | Create | Villager (Male) |
| 15:58 | Create | Militia |
| 16:02 | Build | Farm |
| 16:08 | Build | Market |
| 16:11 | Create | Villager (Male) |
| 16:43 | Create | Archer |
| 16:50 | Research | Arson |
| 16:53 | Create | Villager (Male) |
| 16:55 | Build | Farm |
| 16:56 | Build | Farm |
| 16:56 | Build | Farm |
| 16:58 | Build | Farm |
| 17:01 | Create | Villager (Male) |
| 17:08 | Create | Militia |
| 17:10 | Create | Archer |
| 17:18 | Build | Farm |
| 17:19 | Build | Farm |
| 17:19 | Build | Farm |
| 17:19 | Build | Farm |
| 17:19 | Build | Farm |
| 17:19 | Build | Farm |
| 17:20 | Build | Farm |
| 17:20 | Build | Farm |
| 17:20 | Build | Farm |
| 17:20 | Build | Farm |
| 17:21 | Build | Farm |
| 17:42 | Build | House |
| 18:14 | Create | Villager (Male) |
| 18:27 | Build | Farm |
| 18:27 | Build | Farm |
| 18:27 | Build | Farm |
| 18:27 | Build | Farm |
| 18:27 | Build | Farm |
| 18:28 | Build | Farm |
| 18:28 | Build | Farm |
| 18:28 | Build | Farm |
| 18:28 | Build | Farm |
| 18:28 | Build | Farm |
| 18:31 | Create | Villager (Male) |
| 18:34 | Build | House |
| 18:41 | Create | Archer |
| 18:51 | Create | Villager (Male) |
| 19:10 | Build | House |
| 19:12 | Create | Villager (Male) |
| 19:43 | Create | Villager (Male) |
| 19:47 | Build | Farm |
| 19:49 | Build | House |
| 20:05 | Create | Archer |
| 20:13 | Build | Farm |
| 20:21 | Build | Farm |
| 20:23 | Build | Archery Range |
| 20:25 | Create | Archer |
| 20:58 | Create | Archer |
| 21:02 | Research | Double-Bit Axe |
| 21:02 | Research | Horse Collar |
| 21:08 | Build | Farm |
| 21:25 | Create | Archer |
| 21:25 | Create | Archer |
| 21:29 | Build | Archery Range |
| 21:31 | Create | Villager (Male) |
| 21:45 | Research | Forging |
| 21:47 | Create | Militia |
| 21:52 | Create | Villager (Male) |
| 21:58 | Create | Archer |
| 21:58 | Create | Archer |
| 22:05 | Create | Villager (Male) |
| 22:07 | Build | Farm |
| 23:00 | Create | Archer |
| 23:00 | Create | Archer |
| 23:01 | Create | Archer |
| 23:01 | Create | Archer |
| 23:02 | Create | Villager (Male) |
| 23:29 | Create | Villager (Male) |
| 23:33 | Build | Farm |
| 23:33 | Build | Farm |
| 23:33 | Build | Farm |
| 23:34 | Build | Farm |
| 23:34 | Build | Farm |
| 23:34 | Build | Farm |
| 24:23 | Create | Villager (Male) |
| 24:24 | Research | Castle Age |
| 24:56 | Build | Farm |
Build order — degars
First 150 of 502 actions detected
| 0:01 | Create | Villager (Male) |
| 0:01 | Create | Villager (Male) |
| 0:01 | Create | Villager (Male) |
| 0:02 | Create | Villager (Male) |
| 0:02 | Create | Villager (Male) |
| 0:02 | Create | Villager (Male) |
| 0:04 | Build | House |
| 0:07 | Build | House |
| 1:26 | Create | Villager (Male) |
| 1:26 | Create | Villager (Male) |
| 2:10 | Create | Villager (Male) |
| 2:11 | Create | Villager (Male) |
| 2:16 | Build | Lumber Camp |
| 2:21 | Create | Villager (Male) |
| 2:21 | Create | Villager (Male) |
| 3:03 | Create | Villager (Male) |
| 3:03 | Create | Villager (Male) |
| 3:07 | Create | Villager (Male) |
| 3:07 | Create | Villager (Male) |
| 3:13 | Build | House |
| 3:52 | Create | Villager (Male) |
| 3:52 | Create | Villager (Male) |
| 4:00 | Build | House |
| 4:40 | Create | Villager (Male) |
| 4:40 | Create | Villager (Male) |
| 4:40 | Create | Villager (Male) |
| 5:18 | Build | Mill |
| 5:30 | Create | Villager (Male) |
| 5:30 | Create | Villager (Male) |
| 5:31 | Create | Villager (Male) |
| 5:32 | Create | Villager (Male) |
| 5:32 | Create | Villager (Male) |
| 5:33 | Create | Villager (Male) |
| 5:33 | Create | Villager (Male) |
| 6:14 | Create | Villager (Male) |
| 6:14 | Create | Villager (Male) |
| 6:57 | Create | Villager (Male) |
| 6:58 | Research | Loom |
| 7:37 | Research | Feudal Age |
| 7:55 | Build | Lumber Camp |
| 8:19 | Build | House |
| 8:42 | Build | House |
| 9:19 | Build | Barracks |
| 9:59 | Create | Villager (Male) |
| 9:59 | Create | Villager (Male) |
| 10:10 | Build | Palisade Gate |
| 10:35 | Age | Feudal Age |
| 10:45 | Build | Stable |
| 10:48 | Build | House |
| 10:53 | Create | Spearman |
| 10:58 | Research | Double-Bit Axe |
| 11:31 | Create | Villager (Male) |
| 11:32 | Create | Villager (Male) |
| 11:59 | Build | Archery Range |
| 12:03 | Build | Farm |
| 12:03 | Build | Farm |
| 12:03 | Build | Farm |
| 12:03 | Build | Farm |
| 12:03 | Build | Farm |
| 12:04 | Build | Farm |
| 12:04 | Build | Farm |
| 12:46 | Create | Villager (Male) |
| 12:47 | Create | Villager (Male) |
| 12:47 | Create | Villager (Male) |
| 12:47 | Create | Villager (Male) |
| 12:48 | Create | Villager (Male) |
| 13:08 | Create | Scout Cavalry |
| 13:14 | Create | Archer |
| 13:24 | Build | Archery Range |
| 13:31 | Build | House |
| 13:39 | Build | Palisade Wall |
| 13:56 | Create | Skirmisher |
| 13:57 | Create | Skirmisher |
| 13:57 | Create | Skirmisher |
| 14:02 | Create | Villager (Male) |
| 14:02 | Create | Villager (Male) |
| 14:16 | Create | Skirmisher |
| 14:32 | Build | Palisade Gate |
| 14:38 | Create | Villager (Male) |
| 14:38 | Create | Villager (Male) |
| 14:45 | Build | Farm |
| 14:52 | Build | Farm |
| 14:52 | Build | Farm |
| 14:52 | Build | Farm |
| 14:52 | Build | Farm |
| 14:52 | Build | Farm |
| 14:53 | Build | Farm |
| 15:00 | Create | Villager (Male) |
| 15:00 | Create | Villager (Male) |
| 15:14 | Build | Mining Camp |
| 15:17 | Create | Villager (Male) |
| 15:17 | Create | Villager (Male) |
| 15:28 | Build | Farm |
| 15:48 | Create | Spearman |
| 15:52 | Create | Villager (Male) |
| 15:52 | Create | Villager (Male) |
| 16:00 | Build | Farm |
| 16:22 | Create | Skirmisher |
| 16:22 | Create | Skirmisher |
| 16:45 | Build | Farm |
| 16:55 | Build | House |
| 16:56 | Build | House |
| 17:22 | Create | Archer |
| 17:23 | Create | Archer |
| 17:42 | Build | Blacksmith |
| 17:56 | Create | Archer |
| 17:56 | Create | Archer |
| 18:10 | Research | Wheelbarrow |
| 18:30 | Research | Padded Archer Armor |
| 18:37 | Create | Skirmisher |
| 18:37 | Create | Skirmisher |
| 18:41 | Research | Gold Mining |
| 19:20 | Research | Fletching |
| 19:43 | Create | Archer |
| 19:44 | Create | Archer |
| 19:48 | Build | House |
| 19:52 | Build | House |
| 19:54 | Build | House |
| 19:55 | Build | House |
| 19:59 | Build | House |
| 20:45 | Research | Castle Age |
| 20:51 | Build | Mining Camp |
| 20:56 | Build | Barracks |
| 21:27 | Create | Archer |
| 21:27 | Create | Archer |
| 21:27 | Create | Archer |
| 21:31 | Create | Skirmisher |
| 21:31 | Create | Skirmisher |
| 21:37 | Create | Villager (Male) |
| 21:42 | Research | Scale Barding Armor |
| 21:46 | Research | Forging |
| 21:49 | Research | Scale Barding Armor |
| 21:54 | Create | Archer |
| 21:54 | Create | Archer |
| 22:04 | Create | Archer |
| 22:04 | Create | Archer |
| 22:04 | Create | Archer |
| 22:08 | Create | Villager (Male) |
| 22:08 | Create | Villager (Male) |
| 22:31 | Create | Skirmisher |
| 22:31 | Create | Skirmisher |
| 22:44 | Create | Skirmisher |
| 22:48 | Create | Skirmisher |
| 22:48 | Create | Skirmisher |
| 23:25 | Age | Castle Age |
| 23:35 | Build | Watch Tower |
| 23:48 | Research | Crossbowman (upgrade) |
| 23:49 | Create | Archer |
| 24:43 | Build | Stable |
| 25:08 | Create | Villager (Male) |
Match timeline
| 7:21 | Sonni · first_building Barracks |
| 9:01 | Sonni · wall_segment Palisade Wall x4 |
| 9:19 | degars · first_building Barracks |
| 9:19 | Sonni · age_up feudal |
| 10:04 | Sonni · first_building Archery Range |
| 10:35 | degars · age_up feudal |
| 10:45 | degars · first_building Stable |
| 11:59 | degars · first_building Archery Range |
| 13:39 | degars · wall_segment Palisade Wall x5 |
| 23:25 | degars · age_up castle |
| 27:06 | Sonni · age_up castle |
| 33:54 | degars · first_building Castle |
| 34:48 | Sonni · first_market_sell 100 food |
| 37:37 | Sonni · first_building Monastery |
| 38:23 | Sonni · first_building Siege Workshop |
| 41:02 | Sonni · first_building Castle |
| 41:19 | Sonni · age_up imperial |
| 41:35 | degars · first_market_buy 100 wood |
| 42:31 | Sonni · first_market_buy 100 stone |
| 42:58 | degars · age_up imperial |
| 48:29 | degars · resign |
[ AI ANALYSIS · 1 CREDIT ]
What really happened in this match?
Wolo.gg analyzes every decision: build order, eco, micro, common mistakes by bracket. Personalized analysis on WhatsApp or Discord in 30 seconds.
Civ guide
Ethiopians
Map guide
Glade
Perfil
Jugador #11716640